 Dungeon Crawl Stone Soup version 0.21-a0-504-g2eda330 (webtiles) character file.

14 4thArraOfDagon the Firebug (level 2, -1/19 HPs)
             Began as a Barachi Fire Elementalist on Nov 25, 2017.
             Slain by an adder (2 damage)
             ... on level 2 of the Dungeon.
             The game lasted 00:01:18 (459 turns).

4thArraOfDagon the Firebug (BaFE)                    Turns: 459, Time: 00:01:19

Health: -1/19      AC:  2    Str:  9    XL:     2   Next: 41%
Magic:  0/5        EV: 12    Int: 15    God:
Gold:   26         SH:  0    Dex: 12    Spells: 4/5 levels left

rFire    + . .     SeeInvis .   h - +0 trident
rCold    + . .     Gourm    .   (no shield)
rNeg     . . .     Faith    .   a - +0 robe
rPois    +         Spirit   .   (no helmet)
rElec    +         Reflect  .   (no cloak)
rCorr    +         Harm     .   (no gloves)
MR       .....                  (no boots)
Stlth    ++........             (no amulet)
HPRegen  0.06/turn              (no ring)
MPRegen  0.09/turn              (no ring)

@: resistant, can't hop, slow
A: +LOS, swims, slowness 1, strong legs 1
a: Hop


You were on level 2 of the Dungeon.
You were not hungry.

You visited 1 branch of the dungeon, and saw 2 of its levels.

You collected 26 gold pieces.

Inventory:

Hand Weapons
 h - a +0 trident (weapon)
Armour
 a - a +0 robe (worn)
Scrolls
 d - a scroll of teleportation {unknown}
 f - a scroll of remove curse {unknown}
 g - a scroll of identify {unknown}
Potions
 e - a potion of resistance
Books
 b - a book of Flames

   Spells                             Type                      Level
   a - Flame Tongue                   Conjuration/Fire             1
   b - Throw Flame                    Conjuration/Fire             2
   c - Conjure Flame                  Conjuration/Fire             3
   d - Inner Flame                    Hexes/Fire                   3
   e - Sticky Flame                   Conjuration/Fire             4
   f - Fireball                       Conjuration/Fire             5
Comestibles
 c - a bread ration


   Skills:
 - Level 2.1 Dodging
 - Level 1.7 Stealth
 + Level 2.4 Spellcasting
 * Level 1.8 Conjurations
 * Level 3.6 Fire Magic


You had 4 spell levels left.
You knew the following spells:

 Your Spells              Type           Power        Failure   Level  Hunger
a - Flame Tongue          Conj/Fire      ##...        7%          1    #......


Dungeon Overview and Level Annotations

Branches:
Dungeon (2/15)

Altars:


Innate Abilities, Weirdness & Mutations

Shadows flee at your approach. (+LOS)
You can swim through water.
You cover ground slowly.
You can hop short distances.


Message History

Aiming: Flame Tongue
Press: ? - help, Shift-Dir - straight line, f - adder
Aim: an adder (moderately wounded)
The flame tongue hits the adder.
The adder is heavily wounded.
Attack whom?
Press: ? - help, Dir - move target cursor, f/p - adder
Aim: an adder (heavily wounded)
You reach to attack!
You barely miss the adder.
The adder is heavily wounded.
The adder bites you.
* * * LOW HITPOINT WARNING * * *
You hit the adder but do no damage.
The adder is heavily wounded.
The adder misses you.
Unknown command.
You completely miss the adder.
The adder is heavily wounded.
The adder bites you.
You die...

#.#.........#.#
#.###......
#....#.##.#.#
#.#.#######
######.##.†.#
#..........
...###.#
###†.......
#### #.#
#.####### #.#
#.# #.# #.# #S#
#.# #@# #.#
#.########.#
#..........#
############


You could see an adder.

Vanquished Creatures
  A dart slug (D:1)
  2 leopard geckos (D:2)
  A ball python (D:2)
  A giant cockroach (D:1)
  A quokka (D:2)
  2 bats
  2 rats
10 creatures vanquished.

Notes
Turn   | Place    | Note
-------+----------+-------------------------------------------
     0 | D:1      | 4thArraOfDagon the Barachi Fire Elementalist began the quest for the Orb.
     0 | D:1      | Reached XP level 1. HP: 13/13 MP: 3/3
   338 | D:2      | Reached XP level 2. HP: 13/19 MP: 0/5
   459 | D:2      | Slain by an adder

Vault maps used:
D:1:      ncdulo_watergridlock
D:2:      minivault_19

Action                   || total
-------------------------++-------
Melee: Unarmed           ||     1
       Trident           ||     9
 Cast: Flame Tongue      ||    19
 Abil: Hop               ||     2
  Use: Potion            ||     1
Armor: Robe              ||     2
Dodge: Dodged            ||    16

Table legend:
 A = Spawn XP
 B = Non-spawn XP
 C = Spawn XP percentage of total XP
 D = Spawn monster count
 E = Non-spawn monster count
 F = Spawn count percentage of total count
 G = Total turns spent on level
                    A         B        C        D         E        F      G
               +---------+---------+-------+---------+---------+-------+---------
         Total |       0 |      20 |   0.0 |       0 |      10 |   0.0 |   459
               +---------+---------+-------+---------+---------+-------+---------
           D:1 |       0 |       8 |   0.0 |       0 |       4 |   0.0 |   290
           D:2 |       0 |      12 |   0.0 |       0 |       6 |   0.0 |   169
               +---------+---------+-------+---------+---------+-------+---------
